TOP OF THE 1ST |
Baltimore Orioles batting - Pitching for Toronto Blue Jays : RHP Casey Kelly
|
Pitching: RHP Casey Kelly
|
|
Batting: LHB Odubel Herrera
|
0-0: Swinging Strike 0-1: Ground out 4-3 (Groundball, 4, EV 85.6 MPH)
|
Batting: RHB Hanser Alberto
|
0-0: Foul Ball, location: 5F 0-1: Foul Ball, location: 9LDF 0-2: SINGLE (Groundball, 4MD, EV 106.3 MPH)
|
Batting: RHB Marcell Ozuna
|
0-0: Ball 1-0: Swinging Strike 1-1: Ball 2-1: Foul Ball, location: 3SF 2-2: Foul Ball, location: 2F 2-2: SINGLE (Groundball, 6MD, EV 101.9 MPH) Hanser Alberto to second
|
Batting: LHB Anthony Rizzo
|
0-0: Ball 1-0: Grounds into double play, U6-3 (Groundball, 4M, EV 80.0 MPH)
|
Top of the 1st over - 0 runs, 2 hits, 0 errors, 1 left on base; Baltimore 0 - Toronto 0 |
BOTTOM OF THE 1ST |
Toronto Blue Jays batting - Pitching for Baltimore Orioles : RHP Lance McCullers Jr.
|
Pitching: RHP Lance McCullers Jr.
|
|
Batting: LHB Gavin Lux
|
0-0: Ball 1-0: Foul Ball, location: 25FF 1-1: Swinging Strike 1-2: Foul Ball, location: 2F 1-2: Ground out 6-3 (Groundball, 6, EV 81.3 MPH)
|
Batting: LHB Bryce Harper
|
0-0: Called Strike 0-1: Foul Ball, location: 2F 0-2: Ball 1-2: Ball 2-2: Ground out 4-3 (Groundball, 4, EV 88.1 MPH)
|
Batting: RHB Mitch Haniger
|
0-0: SINGLE (Groundball, 6, EV 92.5 MPH)
|
Batting: LHB Vinnie Pasquantino
|
0-0: Called Strike 0-1: Ball 1-1: Foul Ball, location: 23F 1-2: Ball 2-2: Ball 3-2: Fly out, F8 (Flyball, 8LXD, EV 111.9 MPH)
|
Bottom of the 1st over - 0 runs, 1 hit, 0 errors, 1 left on base; Baltimore 0 - Toronto 0 |
TOP OF THE 2ND |
Baltimore Orioles batting - Pitching for Toronto Blue Jays : RHP Casey Kelly
|
Batting: LHB Kerry Carpenter
|
0-0: Called Strike 0-1: Ball 1-1: Ball 2-1: Ground out U3 (Groundball, 34S, EV 87.5 MPH)
|
Batting: RHB Travis d'Arnaud
|
0-0: Called Strike 0-1: Swinging Strike 0-2: Strikes out looking
|
Batting: RHB Andy Ibanez
|
0-0: Ball 1-0: Foul Ball, location: 9LDF 1-1: Ball 2-1: Called Strike 2-2: Fly out, F9 (Flyball, 9D, EV 80.6 MPH)
|
Top of the 2nd over - 0 runs, 0 hits, 0 errors, 0 left on base; Baltimore 0 - Toronto 0 |
BOTTOM OF THE 2ND |
Toronto Blue Jays batting - Pitching for Baltimore Orioles : RHP Lance McCullers Jr.
|
Batting: SHB Dylan Carlson
|
0-0: Called Strike 0-1: Ground out U3 (Groundball, 34, EV 90.6 MPH)
|
Batting: RHB Brian Anderson
|
0-0: Ball 1-0: Ball 2-0: Foul Ball, location: 5FF 2-1: Foul Ball, location: 9LDF 2-2: Strikes out swinging
|
Batting: LHB James Outman
|
0-0: Ball 1-0: Ball 2-0: Called Strike 2-1: Swinging Strike 2-2: Strikes out swinging
|
Bottom of the 2nd over - 0 runs, 0 hits, 0 errors, 0 left on base; Baltimore 0 - Toronto 0 |
TOP OF THE 3RD |
Baltimore Orioles batting - Pitching for Toronto Blue Jays : RHP Casey Kelly
|
Batting: SHB Michael Toglia
|
0-0: Fly out, F8 (Line Drive, 8RM, EV 96.3 MPH)
|
Batting: RHB Edmundo Sosa
|
0-0: Swinging Strike 0-1: Foul Ball, location: 5F 0-2: Strikes out looking
|
Batting: LHB Odubel Herrera
|
0-0: Ball 1-0: Ball 2-0: Swinging Strike 2-1: Ball 3-1: SINGLE (Line Drive, 7S, EV 94.4 MPH)
|
Batting: RHB Hanser Alberto
|
0-0: Ball 1-0: Ground out 4-3 (Groundball, 34, EV 85.0 MPH)
|
Top of the 3rd over - 0 runs, 1 hit, 0 errors, 1 left on base; Baltimore 0 - Toronto 0 |
BOTTOM OF THE 3RD |
Toronto Blue Jays batting - Pitching for Baltimore Orioles : RHP Lance McCullers Jr.
|
Batting: RHB Owen Miller
|
0-0: Ground out 4-3 (Groundball, 4, EV 85.6 MPH)
|
Batting: LHB Brett Sullivan
|
0-0: Ball 1-0: Ball 2-0: Foul Ball, location: 7LDF 2-1: Ball 3-1: Base on Balls
|
Batting: LHB Gavin Lux
|
0-0: Called Strike 0-1: Ball 1-1: Ball 2-1: Swinging Strike Brett Sullivan is caught stealing 2nd base 2-6 2-2: Strikes out swinging
|
Bottom of the 3rd over - 0 runs, 0 hits, 0 errors, 0 left on base; Baltimore 0 - Toronto 0 |
TOP OF THE 4TH |
Baltimore Orioles batting - Pitching for Toronto Blue Jays : RHP Casey Kelly
|
Batting: RHB Marcell Ozuna
|
0-0: Swinging Strike 0-1: Fly out, F9 (Flyball, 9, EV 90.6 MPH)
|
Batting: LHB Anthony Rizzo
|
0-0: Ball 1-0: Foul Ball, location: 9LSFF 1-1: Ball 2-1: Fly out, F6 (Popup, 5D, EV 66.9 MPH)
|
Batting: LHB Kerry Carpenter
|
0-0: Called Strike 0-1: Foul Ball, location: 2F 0-2: Ball 1-2: Ground out U3 (Groundball, 3, EV 87.5 MPH)
|
Top of the 4th over - 0 runs, 0 hits, 0 errors, 0 left on base; Baltimore 0 - Toronto 0 |
BOTTOM OF THE 4TH |
Toronto Blue Jays batting - Pitching for Baltimore Orioles : RHP Lance McCullers Jr.
|
Batting: LHB Bryce Harper
|
0-0: Ball 1-0: Foul Ball, location: 5F 1-1: Ball 2-1: SINGLE (Flyball, 8RS, EV 95.6 MPH)
|
Batting: RHB Mitch Haniger
|
0-0: Called Strike 0-1: Ball 1-1: Ball 2-1: Called Strike 2-2: Ball 3-2: Foul Ball, location: 9LDF 3-2: Strikes out swinging
|
Batting: LHB Vinnie Pasquantino
|
0-0: Ball Pickoff Throw to First - Out! 1-3 CS 1-0: Fly out, F9 (Flyball, 9S, EV 95.6 MPH)
|
Bottom of the 4th over - 0 runs, 1 hit, 0 errors, 0 left on base; Baltimore 0 - Toronto 0 |
TOP OF THE 5TH |
Baltimore Orioles batting - Pitching for Toronto Blue Jays : RHP Casey Kelly
|
Batting: RHB Travis d'Arnaud
|
0-0: Called Strike 0-1: Ground out 4-3 (Groundball, 4, EV 78.8 MPH)
|
Batting: RHB Andy Ibanez
|
0-0: Ground out 5-3 (Groundball, 56S, EV 68.1 MPH)
|
Batting: SHB Michael Toglia
|
0-0: Foul Ball, location: 7LMF 0-1: Called Strike 0-2: Ball 1-2: Ball 2-2: Ball 3-2: Fly out, F8 (Flyball, 8RD, EV 98.8 MPH)
|
Top of the 5th over - 0 runs, 0 hits, 0 errors, 0 left on base; Baltimore 0 - Toronto 0 |
BOTTOM OF THE 5TH |
Toronto Blue Jays batting - Pitching for Baltimore Orioles : RHP Lance McCullers Jr.
|
Batting: SHB Dylan Carlson
|
0-0: Ball 1-0: Called Strike 1-1: Foul Ball, location: 5SF 1-2: Foul Ball, location: 25F 1-2: Strikes out swinging
|
Batting: RHB Brian Anderson
|
0-0: SINGLE (Groundball, 4D, EV 105.0 MPH)
|
Batting: LHB James Outman
|
0-0: Ball 1-0: Foul Ball, location: 5SF 1-1: Ball 2-1: Ball Wild Pitch! Brian Anderson to second 3-1: Swinging Strike 3-2: Strikes out swinging
|
Batting: RHB Owen Miller
|
0-0: Foul Ball, location: 5F 0-1: Ball 1-1: Foul Ball, location: 9LSF 1-2: Strikes out swinging
|
Bottom of the 5th over - 0 runs, 1 hit, 0 errors, 1 left on base; Baltimore 0 - Toronto 0 |
TOP OF THE 6TH |
Baltimore Orioles batting - Pitching for Toronto Blue Jays : RHP Casey Kelly
|
Batting: RHB Edmundo Sosa
|
0-0: Foul Ball, location: 2F 0-1: Called Strike 0-2: Ball 1-2: SINGLE (Groundball, 6D, EV 108.8 MPH)
|
Batting: LHB Odubel Herrera
|
0-0: SINGLE (Line Drive, 56D, EV 104.4 MPH) Edmundo Sosa to second Edmundo Sosa to third
|
Batting: RHB Hanser Alberto
|
0-0: Ball 1-0: Swinging Strike 1-1: Ball 2-1: Ball 3-1: Swinging Strike 3-2: Foul Ball, location: 2F 3-2: Strikes out swinging
|
Batting: RHB Marcell Ozuna
|
0-0: Foul Ball, location: 25F 0-1: Ball 1-1: Ball 2-1: Called Strike 2-2: Strikes out looking
|
Batting: LHB Anthony Rizzo
|
0-0: Fly out, F9 (Flyball, 9LS, EV 96.3 MPH)
|
Top of the 6th over - 0 runs, 2 hits, 0 errors, 2 left on base; Baltimore 0 - Toronto 0 |
BOTTOM OF THE 6TH |
Toronto Blue Jays batting - Pitching for Baltimore Orioles : RHP Lance McCullers Jr.
|
Batting: LHB Brett Sullivan
|
0-0: Foul Ball, location: 2F 0-1: Called Strike 0-2: Ball 1-2: Ground out U3 (Groundball, 34S, EV 86.3 MPH)
|
Batting: LHB Gavin Lux
|
0-0: Ball 1-0: Ball 2-0: Foul Ball, location: 2F 2-1: Ball 3-1: Base on Balls
|
Batting: LHB Bryce Harper
|
0-0: Ball 1-0: Ball 2-0: Called Strike 2-1: Foul Ball, location: 2F 2-2: Ball 3-2: Base on Balls Gavin Lux to second
|
Batting: RHB Mitch Haniger
|
0-0: Grounds into double play, 5-4-3 (Groundball, 56S, EV 89.4 MPH)
|
Bottom of the 6th over - 0 runs, 0 hits, 0 errors, 1 left on base; Baltimore 0 - Toronto 0 |
TOP OF THE 7TH |
Baltimore Orioles batting - Pitching for Toronto Blue Jays : RHP Casey Kelly
|
Batting: LHB Kerry Carpenter
|
0-0: Ball 1-0: Ball 2-0: DOUBLE (Line Drive, 78M, EV 111.3 MPH)
|
Batting: RHB Travis d'Arnaud
|
0-0: Ball 1-0: Ball 2-0: Foul Ball, location: 25F 2-1: Foul Ball, location: 9LMF 2-2: Foul Ball, location: 2F 2-2: Ground out 4-3 (Groundball, 4, EV 112.5 MPH) Kerry Carpenter to third
|
Batting: RHB Andy Ibanez
|
0-0: Fly out, F7 (Flyball, 7D, EV 86.9 MPH) Runner from 3rd tags up, SCORES, no throw by LF
|
Batting: SHB Michael Toglia
|
0-0: Ball 1-0: Ball 2-0: Fly out, F9 (Flyball, 9D, EV 103.8 MPH)
|
Top of the 7th over - 1 run, 1 hit, 0 errors, 0 left on base; Baltimore 1 - Toronto 0 |
BOTTOM OF THE 7TH |
Toronto Blue Jays batting - Pitching for Baltimore Orioles : RHP Lance McCullers Jr.
|
Batting: LHB Vinnie Pasquantino
|
0-0: Ground out 4-3 (Groundball, 34D, EV 95.6 MPH)
|
Batting: SHB Dylan Carlson
|
0-0: Ball 1-0: Called Strike 1-1: Swinging Strike 1-2: Foul Ball, location: 9LMF 1-2: Foul Ball, location: 5SF 1-2: Strikes out looking
|
Batting: RHB Brian Anderson
|
0-0: Swinging Strike 0-1: Ground out 1-3 (Groundball, 13S, EV 69.4 MPH)
|
Bottom of the 7th over - 0 runs, 0 hits, 0 errors, 0 left on base; Baltimore 1 - Toronto 0 |
TOP OF THE 8TH |
Baltimore Orioles batting - Pitching for Toronto Blue Jays : RHP Casey Kelly
|
Batting: RHB Edmundo Sosa
|
0-0: Fly out, F8 (Flyball, 89M, EV 86.9 MPH)
|
Batting: LHB Odubel Herrera
|
0-0: Ground out 6-3 (Groundball, 6, EV 84.4 MPH)
|
Batting: RHB Hanser Alberto
|
0-0: Ball 1-0: Ball 2-0: Foul Ball, location: 2LF 2-1: Foul Ball, location: 9LDF 2-2: Ball 3-2: Base on Balls
|
Pitching: RHP Matthew Festa
|
|
Batting: RHB Marcell Ozuna
|
0-0: Ball 1-0: Foul Ball, location: 3F 1-1: Foul Ball, location: 9LMF 1-2: Ball 2-2: Ball 3-2: Base on Balls Hanser Alberto to second
|
Batting: LHB Anthony Rizzo
|
0-0: Ball 1-0: Foul Ball, location: 23FF 1-1: Foul Ball, location: 7LMF 1-2: Foul Ball, location: 3FF 1-2: Foul Ball, location: 3F 1-2: Ball 2-2: Strikes out swinging
|
Top of the 8th over - 0 runs, 0 hits, 0 errors, 2 left on base; Baltimore 1 - Toronto 0 |
BOTTOM OF THE 8TH |
Toronto Blue Jays batting - Pitching for Baltimore Orioles : RHP Lance McCullers Jr.
|
Pitching: LHP Brooks Raley
|
|
Pinch Hitting: RHB Jared Triolo
|
0-0: Ball 1-0: Foul Ball, location: 5F 1-1: Called Strike 1-2: Ground out 4-3 (Groundball, 4, EV 88.1 MPH)
|
Batting: RHB Owen Miller
|
0-0: Ball 1-0: SINGLE (Groundball, 6MD, EV 98.1 MPH)
|
Batting: LHB Brett Sullivan
|
0-0: Ball 1-0: Foul Ball, location: 2F 1-1: Foul Ball, location: 9LMF 1-2: Ball 2-2: Foul Ball, location: 5F 2-2: Ball 3-2: Fly out, F3 (Popup, 3S, EV 76.9 MPH)
|
Batting: LHB Gavin Lux
|
0-0: Called Strike 0-1: Ball 1-1: Foul Ball, location: 7LMF 1-2: Ground out 6-3 (Groundball, 56S, EV 80.6 MPH)
|
Bottom of the 8th over - 0 runs, 1 hit, 0 errors, 1 left on base; Baltimore 1 - Toronto 0 |
TOP OF THE 9TH |
Baltimore Orioles batting - Pitching for Toronto Blue Jays : RHP Matthew Festa
|
Pitching: LHP Ben Bowden
|
|
Now in LF: Jared Triolo
|
|
Batting: LHB Kerry Carpenter
|
0-0: Foul Ball, location: 2F 0-1: Ball 1-1: DOUBLE (Line Drive, 9LS, EV 106.9 MPH)
|
Batting: RHB Travis d'Arnaud
|
0-0: Fly out, F9 (Flyball, 89S, EV 87.5 MPH)
|
Batting: RHB Andy Ibanez
|
0-0: Intentional Walk
|
Batting: SHB Michael Toglia
|
0-0: Called Strike 0-1: Ball 1-1: Ground out 5-3 (Groundball, 56S, EV 89.4 MPH) Kerry Carpenter to third Andy Ibanez to second
|
Batting: RHB Edmundo Sosa
|
0-0: Called Strike 0-1: Ball 1-1: Foul Ball, location: 3FF 1-2: Fly out, F9 (Flyball, 9D, EV 102.5 MPH)
|
Top of the 9th over - 0 runs, 1 hit, 0 errors, 2 left on base; Baltimore 1 - Toronto 0 |
BOTTOM OF THE 9TH |
Toronto Blue Jays batting - Pitching for Baltimore Orioles : LHP Brooks Raley
|
Pitching: RHP J.P. Feyereisen
|
|
Batting: LHB Bryce Harper
|
0-0: Called Strike 0-1: Ball 1-1: Swinging Strike 1-2: Foul Ball, location: 2F 1-2: Ball 2-2: Foul Ball, location: 7LMF 2-2: Fly out, F8 (Flyball, 8LD, EV 98.8 MPH)
|
Batting: RHB Mitch Haniger
|
0-0: Ball 1-0: Foul Ball, location: 7LMF 1-1: Ball 2-1: Foul Ball, location: 2F 2-2: Ground out 6-3 (Groundball, 6, EV 85.0 MPH)
|
Batting: LHB Vinnie Pasquantino
|
0-0: Ball 1-0: Ball 2-0: Called Strike 2-1: Fly out, F8 (Flyball, 8RM, EV 81.9 MPH)
|
Bottom of the 9th over - 0 runs, 0 hits, 0 errors, 0 left on base; Baltimore 1 - Toronto 0 |
|